 Dungeon Crawl Stone Soup version 0.28.0-43-g3370ac3207 (webtiles) character file.

Game seed: 5216433093544965099

38740 pkoi the Zephyrmancer (level 14, -7/72 HPs)
             Began as an Octopode Air Elementalist on Mar 18, 2022.
             Was a Priest of Hepliaklqana.
             Mangled by an elephant (12 damage)
             ... on level 4 of the Lair of Beasts.
             The game lasted 00:33:19 (30117 turns).

pkoi the Zephyrmancer (Octopode Air Elementalist)  Turns: 30117, Time: 00:33:20

Health: -7/72      AC:  5    Str: 13    XL:     14   Next: 3%
Magic:  11/28      EV: 14    Int: 35    God:    Hepliaklqana [***...]
Gold:   396        SH:  0    Dex: 18    Spells: 11/33 levels left

rFire   + . .      SeeInvis .   G - staff of poison
rCold   + . .      Faith    .   (no shield)
rNeg    . . .      Spirit   .   H - +0 hat {Stlth+}
rPois   +          Reflect  .   (no amulet)
rElec   .          Harm     .   e - ring of protection from fire
rCorr   .          Rampage  .   f - +6 ring of intelligence
Will    ++...                   h - ring of protection from cold
Stlth   ++++++....              c - ring of willpower
HPRegen 0.22/turn               m - +6 ring of strength
MPRegen 0.21/turn               v - +6 ring of dexterity
                                w - +6 ring of intelligence
                                z - +4 ring of protection

@: no status effects
A: reduced essence, almost no armour, amphibious, 8 rings, camouflage 1,
gelatinous body 1, (nimble swimmer 1), tentacles
a: Renounce Religion, Recall Ancestor, Ancestor Identity, Transference


You were on level 4 of the Lair of Beasts.
You worshipped Hepliaklqana.
Hepliaklqana was most pleased with you.
You visited 3 branches of the dungeon, and saw 16 of its levels.
You also visited: Bailey.

You collected 678 gold pieces.
You spent 282 gold pieces at shops.

Inventory:

Hand Weapons
 b - a +2 short sword of venom
 n - a +4 dagger
 t - a +4 dagger of freezing
Armour
 H - a +0 hat of stealth (worn)
Magical Staves
 G - a staff of poison (weapon)
Jewellery
 c - a ring of willpower (on tentacle)
 e - a ring of protection from fire (left tentacle)
 f - a +6 ring of intelligence (right tentacle)
 h - a ring of protection from cold (on tentacle)
 m - a +6 ring of strength (on tentacle)
 v - a +6 ring of dexterity (on tentacle)
 w - a +6 ring of intelligence (on tentacle)
 z - a +4 ring of protection (on tentacle)
 E - a ring of protection from cold
Wands
 u - a wand of iceblast (7)
 y - a wand of digging (12)
 A - a wand of mindburst (9)
 D - a wand of polymorph (3)
 I - a wand of flame (19)
 J - a wand of paralysis (5)
Scrolls
 d - 9 scrolls of teleportation
 j - 2 scrolls of blinking
 o - 3 scrolls of enchant armour
 r - a scroll of fog
 x - a scroll of enchant weapon
 F - 2 scrolls of silence
 K - a scroll of summoning
Potions
 a - 5 potions of heal wounds
 g - a potion of berserk rage
 i - 6 potions of might
 k - a potion of invisibility
 l - a potion of brilliance
 p - 3 potions of ambrosia
 q - a potion of haste
 s - 6 potions of curing
 B - 3 potions of lignification
 L - a potion of cancellation
 M - a potion of mutation
Miscellaneous
 C - a condenser vane


   Skills:
 - Level 2.0 Fighting
 - Level 3.0 Dodging
 + Level 7.6 Stealth
 + Level 10.3 Spellcasting
 - Level 1.0 Conjurations
 + Level 8.9 Summonings
 + Level 8.6 Translocations
 - Level 13.3 Air Magic
 + Level 6.7 Poison Magic
 - Level 5.2 Invocations


You had 11 spell levels left.
You knew the following spells:

 Your Spells              Type           Power      Damage    Failure   Level
a - Shock                 Conj/Air       100%       1d9       1%          1
b - Swiftness             Air            84%        N/A       1%          3
c - Airstrike             Air            42%        N/A       1%          4
d - Call Canine Familiar  Summ           69%        N/A       1%          3
e - Passage of Golubria   Tloc           68%        N/A       1%          4
f - Olgreb's Toxic Radia  Pois           78%        N/A       1%          4
g - Summon Guardian Gole  Hex/Summ       49%        N/A       1%          3

Your spell library contained the following spells:

 Spells                   Type           Power      Damage    Failure   Level
 Sting                    Tmut/Pois      100%       1d8       1%          1
 Summon Small Mammal      Summ           100%       N/A       1%          1
 Poisonous Vapours        Pois/Air       100%       N/A       1%          2
 Static Discharge         Conj/Air       62%        N/A       1%          2
 Gell's Gravitas          Tloc           68%        N/A       1%          3
 Lesser Beckoning         Tloc           68%        N/A       1%          3
 Teleport Other           Tloc           68%        N/A       1%          3
 Sandblast                Erth           36%        2d10      2%          1
 Slow                     Hex            72%        N/A       2%          1
 Ensorcelled Hibernation  Hex/Ice        36%        N/A       3%          2
 Passwall                 Tmut/Erth      15%        N/A       3%          2
 Summon Ice Beast         Ice/Summ       49%        N/A       3%          4
 Stone Arrow              Conj/Erth      42%        3d9       6%          3
 Confusing Touch          Hex            18%        N/A       7%          3
 Frozen Ramparts          Ice            36%        1d5       7%          3
 Tukima's Dance           Hex            18%        N/A       7%          3
 Vampiric Draining        Necr           18%        2d7       7%          3
 Ice Form                 Ice/Tmut       18%        N/A       24%         4
 Yara's Violent Unravell  Hex/Tmut       9%         3d6       54%         5


Dungeon Overview and Level Annotations

Branches:
Dungeon (11/15)            Temple (1/1) D:5            Lair (4/6) D:11
 Shoals (0/4) Lair:3          Orc (0/2) D:11         Bailey (visited)
  Snake: Lair:2-4    Spider: Lair:2-4

Altars:
Ashenzari
Cheibriados
Dithmenos
Elyvilon
Fedhas
Gozag
Hepliaklqana
Kikubaaqudgha
Makhleb
Nemelex Xobeh
Okawaru
Qazlal
Ru
Sif Muna
Trog
Uskayaw
Vehumet
Wu Jian
Xom
Yredelemnul
Zin
The Shining One

Shops:
D:4 ?   D:8 :([

Annotations:
D:5 1 runed translucent door, Crazy Yiuf
D:9 3 runed translucent doors, ZappyNine's ghost, novice TrCA
Lair:2 2 transporters, Qoesoec's ghost, journeyman GrFi


Innate Abilities, Weirdness & Mutations

Your life essence is reduced to manifest your ancestor. (-10% HP)
You cannot wear most types of armour.
You are amphibious.
You can wear up to eight rings at the same time.
Your skin changes colour to match your surroundings (Stealth+).
Your rubbery body absorbs attacks. (AC +1, EV +1)
((You are camouflaged when in or above water. (Stealth+)))
You have tentacles for arms and can constrict up to eight enemies at once.


Message History

The air twists around and strikes the elephant!
The elephant is lightly wounded.
Cala points at the elephant and mumbles some strange words.
The cane toad resists with significant effort.
The cane toad stings you!
* * * LOW HITPOINT WARNING * * *
The elephant tramples you!
* * * LOW HITPOINT WARNING * * *
You stumble backwards!
Aiming: Airstrike (safe; 1% risk of failure)
Press: ? - help, Q - select action, (/) - cycle Dir - move target, f - cane toad, p - elephant
Aim: a cane toad (empty space bonus: 6/8)
The air twists around and strikes the cane toad!
The cane toad is moderately wounded.
The elephant misses you.
The elephant trunk-slaps you but does no damage.
Aiming: Airstrike (safe; 1% risk of failure)
Press: ? - help, Q - select action, (/) - cycle Dir - move target, f/p - cane toad
Aim: a cane toad (moderately wounded, empty space bonus: 5/8)
The air twists around and strikes the cane toad!
The cane toad is severely wounded.
The cane toad stings you!!
* * * LOW HITPOINT WARNING * * *
Cala hits the elephant with a +0 dagger of draining.
The elephant tramples you!
* * * LOW HITPOINT WARNING * * *
You stumble backwards!
Casting: Airstrike (safe; 1% risk of failure)
Confirm with . or Enter, or press ? or * to list all spells.
Okay, then.
Aiming: Airstrike (safe; 1% risk of failure)
Press: ? - help, Q - select action, (/) - cycle Dir - move target, f/p - cane toad
Aim: a cane toad (severely wounded, empty space bonus: 6/8)
The air twists around and strikes the cane toad!
You kill the cane toad!
The elephant closely misses you. The elephant misses you.
Cala hits the elephant with a +0 dagger of draining.
Cala drains the elephant.
The elephant tramples you!
You die...

#R#.............#.......
##...............#..../.
###..........P...P...P...
#..............P...P.....
##.........P.........P...
P.##.......................
...........#.......<....Pl.
....##......).Y.............
P### ###.P#..@Y.R.<.8.>...P.
####.................
##........>....P..
#................#
##P..............#
###....P...P.....
#..P...P..... ##..#...P##P.


You could see the friendly Cala the hexer and 2 elephants.

Vanquished Creatures
  Gastronok (Lair:1)
  A hydra (Lair:2)
  A centaur warrior (D:10)
  Sonja (Lair:3)
  An oklob plant (Lair:3)
  4 elephants
  A black mamba (Lair:3)
  6 cane toads
  Maggie (D:6)
  2 komodo dragons
  A burning bush (Lair:4)
  A troll (D:10)
  Prince Ribbit (D:6)
  A shadow (D:11)
  Sigmund (D:4)
  4 wyverns
  A centaur simulacrum (D:11)
  3 steam dragons (D:8)
  33 yaks
  A vampire mosquito (D:8)
  3 acid dragons (D:10)
  10 water moccasins
  Duvessa (D:5)
  4 black bears
  3 orc warriors
  A sky beast (D:7)
  4 ice beasts
  2 ogres
  2 necrophages
  9 wolves
  9 centaurs
  4 kobold brigands
  Blork the orc (D:5)
  2 gnoll sergeants
  15 bullfrogs
  2 scorpions
  A water moccasin skeleton (D:6)
  Dowan (D:5)
  4 killer bees
  8 wights
  2 electric eels
  3 howler monkeys (D:9)
  6 centaur zombies
  2 hounds
  A centaur skeleton (D:5)
  5 orc priests
  A jelly (D:8)
  2 gnoll shamans
  2 iguanas
  5 orc wizards
  5 hell rats (Lair:1)
  3 killer bee zombies
  7 gnolls
  5 adders
  2 shadow imps (D:6)
  3 white imps
  4 ufetubi
  3 worms
  2 dart slugs (D:4)
  24 orcs
  7 bats
  8 endoplasms
  2 giant cockroaches
  3 goblins
  12 hobgoblins
  5 ball pythons
  3 frilled lizards (D:1)
  37 kobolds
  3 rats
319 creatures vanquished.

Vanquished Creatures (collateral kills)
  3 elephants (Lair:3)
  An unseen horror (D:11)
  A komodo dragon (D:11)
  A polar bear (D:11)
  A snapping turtle (Lair:3)
  A wraith (D:11)
  4 yaks
  An acid dragon (D:11)
  An ice beast (D:11)
  2 wolves (Lair:2)
16 creatures vanquished.

Vanquished Creatures (others)
  2 yaks (Lair:1)
  A hexer (Lair:3)
  3 ancestors (Lair:1)
  2 kobolds (D:5)
  37 fungi
  103 plants
148 creatures vanquished.

Grand Total: 483 creatures vanquished

Notes
Turn   | Place    | Note
-------+----------+-------------------------------------------
     0 | D:1      | pkoi the Octopode Air Elementalist began the quest for the
                  | Orb.
     0 | D:1      | Reached XP level 1. HP: 11/11 MP: 3/3
   374 | D:1      | Reached XP level 2. HP: 17/17 MP: 0/5
  1464 | D:1      | Reached skill level 4 in Air Magic
  1777 | D:1      | Reached XP level 3. HP: 9/21 MP: 4/6
  3370 | D:3      | Found a faded altar of an unknown god.
  3399 | D:3      | Reached XP level 4. HP: 5/27 MP: 2/7
  3762 | D:3      | Reached skill level 5 in Air Magic
  3909 | D:3      | Found a glowing golden altar of the Shining One.
  4116 | D:3      | Reached XP level 5. HP: 20/31 MP: 2/8
  4274 | D:4      | Noticed an ogre
  4296 | D:3      | Learned a level 3 spell: Swiftness
  4301 | D:3      | Learned a level 4 spell: Airstrike
  4496 | D:4      | Noticed a necrophage
  4505 | D:4      | Killed a necrophage
  4506 | D:4      | Reached skill level 6 in Air Magic
  4506 | D:4      | Reached XP level 6. HP: 31/36 MP: 1/9
  4613 | D:4      | Reached skill level 7 in Air Magic
  4808 | D:4      | Noticed Sigmund
  4817 | D:5      | Entered Level 5 of the Dungeon
  4861 | D:5      | Found a staircase to the Ecumenical Temple.
  4875 | Temple   | Entered the Ecumenical Temple
  5275 | D:5      | Reached XP level 7. HP: 41/41 MP: 2/10
  5626 | D:5      | Reached skill level 8 in Air Magic
  6100 | D:5      | Reached skill level 1 in Fighting
  6437 | D:5      | Found a runed translucent door.
  6438 | D:5      | Noticed Crazy Yiuf
  6462 | D:5      | Noticed Blork the orc
  6462 | D:5      | Noticed Dowan
  6522 | D:4      | Killed Sigmund
  6523 | D:4      | Reached XP level 8. HP: 50/50 MP: 1/12
  6905 | D:4      | Found Satzuet's Magic Scroll Shoppe.
  6909 | D:4      | Bought a scroll of blinking for 82 gold pieces
  7609 | D:5      | Killed Blork the orc
  8534 | D:6      | Noticed Maggie
  8900 | D:6      | Reached skill level 5 in Stealth
  9391 | D:6      | Found a shimmering blue altar of Sif Muna.
 10252 | D:6      | Reached skill level 9 in Air Magic
 10252 | D:6      | Noticed Prince Ribbit
 10354 | D:5      | Noticed Duvessa
 10770 | D:6      | Killed Prince Ribbit
 10845 | D:5      | Killed Duvessa
 10846 | D:5      | Reached XP level 9. HP: 47/54 MP: 4/16
 11130 | D:5      | Killed Dowan
 11196 | D:6      | Reached skill level 5 in Spellcasting
 11658 | D:6      | Killed Maggie
 11852 | D:6      | Reached skill level 10 in Air Magic
 13307 | D:7      | Found an ornate altar of the Wu Jian Council.
 13720 | D:7      | Found a blossoming altar of Fedhas.
 13904 | D:7      | Found a glowing silver altar of Zin.
 13904 | D:7      | Found a burning altar of Makhleb.
 13905 | D:7      | Noticed a balrug
 13905 | D:7      | Noticed an angel
 14179 | D:7      | Reached skill level 11 in Air Magic
 14179 | D:7      | Reached XP level 10. HP: 60/60 MP: 7/20
 14430 | D:7      | Learned a level 3 spell: Call Canine Familiar
 14838 | D:8      | Reached skill level 1 in Summonings
 14939 | D:8      | Found a bloodstained altar of Trog.
 15078 | D:8      | Found a flagged portal.
 15165 | Bailey   | Entered a bailey
 15591 | D:8      | Found Wedoud's Weapon Boutique.
 15754 | D:8      | Found Wyop's Book Boutique.
 16491 | D:8      | Found a broken altar of Ashenzari.
 16523 | D:8      | Found Firi Kust's Antique Armour Emporium.
 16536 | D:7      | Found a sparkling altar of Nemelex Xobeh.
 16536 | D:7      | Found a hazy altar of Hepliaklqana.
 16541 | D:7      | Became a worshipper of Hepliaklqana the Forgotten
 17591 | D:9      | Found a runed translucent gate.
 17591 | D:9      | Found a runed translucent gate.
 17592 | D:9      | Found a runed translucent gate.
 17594 | D:9      | Noticed a spectral centaur warrior
 17594 | D:9      | Noticed ZappyNine's ghost (novice TrCA)
 18089 | D:9      | Reached skill level 5 in Summonings
 18223 | D:9      | Learned a level 4 spell: Passage of Golubria
 18633 | D:10     | Entered Level 10 of the Dungeon
 18954 | D:10     | Reached skill level 1 in Translocations
 19321 | D:10     | Reached * piety under Hepliaklqana
 19538 | D:10     | Reached XP level 11. HP: 39/57 MP: 10/23
 19720 | D:10     | Reached skill level 12 in Air Magic
 19834 | D:10     | Noticed a centaur warrior
 19839 | D:10     | Killed a centaur warrior
 20030 | D:10     | Found an iron altar of Okawaru.
 21130 | D:11     | Found a staircase to the Orcish Mines.
 21559 | D:11     | Found a staircase to the Lair.
 22462 | D:8      | Bought a Young Poisoner's Handbook for 200 gold pieces
 22467 | D:8      | Learned a level 4 spell: Olgreb's Toxic Radiance
 22564 | Lair:1   | Entered Level 1 of the Lair of Beasts
 22664 | Lair:1   | Reached skill level 1 in Poison Magic
 22680 | Lair:1   | Reached skill level 1 in Invocations
 23849 | Lair:1   | Noticed Gastronok
 23855 | Lair:1   | Learned a level 3 spell: Summon Guardian Golem
 23868 | Lair:1   | Killed Gastronok
 23869 | Lair:1   | Reached skill level 5 in Translocations
 23869 | Lair:1   | Reached XP level 12. HP: 38/63 MP: 0/25
 24965 | Lair:1   | Reached skill level 5 in Poison Magic
 25175 | Lair:2   | Reached ** piety under Hepliaklqana
 25208 | Lair:2   | Found a transporter.
 25256 | Lair:2   | Noticed Qoesoec's ghost (journeyman GrFi)
 25793 | Lair:2   | Found a transporter.
 25808 | Lair:2   | Noticed a five-headed hydra
 25812 | Lair:2   | Killed a five-headed hydra
 25813 | Lair:2   | Reached skill level 5 in Invocations
 25893 | Lair:2   | Remembered your ancestor Cala as a hexer
 26480 | Lair:2   | Reached skill level 13 in Air Magic
 26480 | Lair:2   | Reached XP level 13. HP: 66/66 MP: 26/26
 26679 | Lair:3   | Reached skill level 10 in Spellcasting
 26958 | Lair:3   | Reached *** piety under Hepliaklqana
 27160 | Lair:3   | Found a glowing silver altar of Zin.
 27523 | Lair:3   | Noticed Sonja
 27526 | Lair:3   | Killed Sonja
 27891 | Lair:3   | Found a staircase to the Shoals.
 29761 | Lair:4   | Reached XP level 14. HP: 72/72 MP: 15/28
 30117 | Lair:4   | Mangled by an elephant

Illustrated notes

Levels and vault maps discovered:
D:1:      matt_arrival_los_fun, layout_basic, patterned_corridor
D:2:      layout_basic, roderic_roman_lattice, minmay_misc_feat_square,
          serial_bayou_ford_a
D:3:      layout_rooms, nicolae_tso_carved_into_rock,
          chequers_ecumenical_altar_island
D:4:      layout_loops_ring, serial_shops, shop, uniq_sigmund
D:5:      kennysheep_kobold_camp, layout_rooms, minmay_temple_entry_waves,
          kennysheep_generic_room_13, uniq_blork_the_orc,
          uniq_crazy_yiuf_cottage, uniq_duvessa
D:6:      layout_cave_pods, mainiacjoe_overflow_cross_hatched,
          uniq_prince_ribbit1, uniq_maggie
D:7:      layout_basic, mainiacjoe_overflow_alcove_2,
          nicolae_overflow_hidden_temple,
          grunt_temple_overflow_order_and_chaos_2
D:8:      minmay_s_stair_smasher, layout_rooms, ashenzari_conservatory_becter,
          trog_three_pillars_becter, enter_bailey_4, serial_shops, shop, shop,
          nicolae_stop_n_shop_1
D:9:      layout_loops_ring, gammafunk_ghost_necromancy
D:10:     layout_roguey, lemuel_coloured_pillars_altar, serial_glass,
          glass_columns_a, glass_columns_b
D:11:     layout_loops_ring, due_lair_maze_entry_diamond, orc_0_dummy,
          serial_ice, serial_ice_k, serial_ice_n, serial_ice_m, serial_ice_o,
          serial_ice_g, serial_ice_c, serial_ice_h
Temple:   minmay_temple_curvy_loop
Lair:1:   layout_cave_pods, infiniplex_staircase_pool_2, grunt_megastairs_1,
          uniq_gastronok
Lair:2:   layout_regular_city, nzn_ghost_randoct
Lair:3:   layout_gridlike, minmay_shoals_entry_hut, lemuel_oklob_altar,
          uniq_sonja
Lair:4:   layout_cave_pods, spider_nest_entry_funnel_web, evilmike_ambush
          [evilmike_ambush_outer_basic, evilmike_ambush_inner_basic], uniq_urug

Skill      XL: |  1  2  3  4  5  6  7  8  9 10 11 12 13 |
---------------+----------------------------------------+-----
Air Magic      | 4 5 6 7 8 9 11 12 13 | 13.3
Stealth        | 4 6 7 |  7.6
Fighting       | 2 |  2.0
Dodging        | 3 |  3.0
Spellcasting   | 4 7 8 9 10 | 10.3
Summonings     | 5 7 8 |  8.9
Translocations | 1 5 8 |  8.6
Poison Magic   | 3 5 6 |  6.7
Invocations    | 3 5 |  5.2
Conjurations   | |  1.0

Action                   |  1- 3 |  4- 6 |  7- 9 | 10-12 | 13-15 || total
-------------------------+-------+-------+-------+-------+-------++-------
Melee: Unarmed           |    12 |       |       |       |       ||    12
       Constrict         |    10 |     2 |     3 |     5 |       ||    20
       Tentacles         |     3 |     2 |     3 |     6 |     4 ||    18
       Punch             |     2 |       |       |     1 |       ||     3
       Short sword       |    18 |     7 |    18 |    28 |       ||    71
       Staff             |       |       |       |     2 |    11 ||    13
 Cast: Shock             |    89 |    62 |    18 |     1 |       ||   170
       Airstrike         |       |     3 |   122 |   279 |    95 ||   499
       Call Canine Famil |       |       |       |    10 |     1 ||    11
       Summon Guardian G |       |       |       |     2 |     1 ||     3
       Olgreb's Toxic Ra |       |       |       |     6 |     1 ||     7
Invok: Ancestor Identity |       |       |       |     1 |       ||     1
       Recall Ancestor   |       |       |       |     3 |     2 ||     5
       Ancestor Life: He |       |       |       |     1 |       ||     1
Evoke: Wand              |       |       |       |     1 |       ||     1
  Use: Scroll            |     2 |     2 |    11 |     7 |     4 ||    26
       Potion            |       |     1 |     1 |     2 |       ||     4
 Stab: Distracted        |       |       |       |     1 |     1 ||     2
Armor: Skin              |     9 |     1 |     3 |    21 |     4 ||    38
Dodge: Dodged            |    29 |    13 |    29 |    69 |    24 ||   164
